AoeStats
← Straypipboy23

Black Forest

508144192Analyzed
3v3 RM · 23d ago on Sep 21, 2026· 62m 18s· 6 players
Game mode
Random Map
Map size
Normal (6 player)
Population
200
Speed
Normal
Resources
Standard
Victory
Conquest
Starting age
Dark Age
Ending age
Imperial Age
RankedLock teamsTeams togetherTeam positionsShared explorationLock speedFull tech treeHidden civsTurbo modeCheats
Victory
Defeat
🇺🇸 Mongols · United States
928
+14
🇺🇸 Khmer · United States
925
+14
🇺🇸 Bohemians · United States
910
+16
vs
🇨🇴 Mongols · Colombia
903
-15
🇨🇴 Britons · Colombia
897
-15
🇨🇴 Magyars · Colombia
865
-14
zamithdaniel
10:07 Feudal Age
10:48 Double-Bit Axe
16:40 Castle Age
26:21 Stone Mining
26:24 Gold Mining
27:09 Bow Saw
28:06 Horse Collar
32:52 Imperial Age
30:16 Loom
31:06 Wheelbarrow
30:17 Town Watch
31:06 Padded Archer Armor
30:58 Fletching
33:12 Hand Cart
33:31 Ballistics
33:22 Fortified Wall
33:30 Leather Archer Armor
33:14 Bodkin Arrow
34:29 Parthian Tactics
35:22 Conscription
35:07 Elite Mangudai
36:30 Gold Shaft Mining
37:03 Onager
37:49 Heavy Plow
39:24 Bracer
38:48 Heavy Cavalry Archer
41:00 Chemistry
41:23 Forging
41:13 Scale Mail Armor
41:19 Scale Barding Armor
40:55 Capped Ram
42:06 Siege Ram
44:05 Iron Casting
43:47 Chain Mail Armor
43:57 Elite Skirmisher
Dovahkyn
5:23 Loom
11:23 Feudal Age
15:51 Castle Age
18:49 Horse Collar
18:56 Double-Bit Axe
24:01 Elite Skirmisher
28:04 Fletching
30:14 Heavy Plow
30:26 Bow Saw
32:33 Padded Archer Armor
32:59 Ballistics
33:09 Crossbowman
34:06 Leather Archer Armor
34:27 Treadmill Crane
34:44 Bodkin Arrow
37:15 Fortified Wall
40:14 Imperial Age
38:22 Wheelbarrow
37:33 Town Watch
37:43 Gold Mining
37:44 Stone Mining
38:17 Forging
39:13 Yeomen
40:32 Hand Cart
41:22 Conscription
40:26 Elite Longbowman
43:55 Chemistry
42:59 Bracer
43:29 Ring Archer Armor
43:36 Iron Casting
44:25 Heavy Scorpion
47:12 Siege Engineers
50:25 Husbandry
51:18 Gold Shaft Mining
55:42 Caravan
andres simijaca
2:01 Loom
10:59 Feudal Age
11:29 Double-Bit Axe
11:41 Horse Collar
19:31 Castle Age
17:51 Stone Mining
20:27 Bow Saw
20:21 Heavy Plow
21:03 Gold Mining
22:52 Gold Shaft Mining
22:56 Wheelbarrow
23:09 Corvinian Army
24:34 Scale Barding Armor
25:39 Chain Barding Armor
28:38 Padded Archer Armor
29:44 Leather Archer Armor
31:50 Hand Cart
32:04 Fletching
35:22 Imperial Age
34:51 Murder Holes
34:59 Caravan
34:52 Town Watch
35:21 Bodkin Arrow
35:26 Heavy Scorpion
36:45 Ring Archer Armor
36:56 Crop Rotation
38:46 Elite Magyar Huszar
42:29 Bracer
44:34 Bloodlines
45:05 Plate Barding Armor
45:35 Chemistry
45:49 Onager
49:29 Two-Man Saw
48:58 Scale Mail Armor
48:35 Pikeman
49:38 Halberdier
51:50 Chain Mail Armor
53:01 Elite Skirmisher
53:48 Thumb Ring
53:13 Crossbowman
56:21 Ballistics
SirMantisoftrash
1:03 Loom
17:37 Feudal Age
19:02 Double-Bit Axe
20:06 Wheelbarrow
19:19 Horse Collar
22:04 Castle Age
21:06 Fishing Lines
24:00 Bow Saw
25:01 Heavy Plow
28:01 Gillnets
30:10 Fervor
31:16 Fortified Wall
32:46 Pikeman
33:41 Treadmill Crane
35:31 Scale Mail Armor
35:42 Forging
35:50 Caravan
38:00 Squires
40:47 Imperial Age
39:34 Chemistry
39:47 Chain Mail Armor
40:55 Hand Cart
41:03 Town Watch
41:48 Town Patrol
41:20 Halberdier
43:20 Conscription
42:21 Elite Hussite Wagon
44:04 Wagenburg Tactics
45:45 Houfnice
50:27 Iron Casting
57:16 Siege Engineers
KingOnionRing
1:10 Loom
13:11 Feudal Age
14:37 Fishing Lines
15:53 Double-Bit Axe
15:53 Horse Collar
19:08 Castle Age
19:27 Gold Mining
20:32 Bow Saw
21:48 Heavy Plow
22:27 Gold Shaft Mining
21:50 Stone Mining
23:08 Wheelbarrow
24:35 Stone Shaft Mining
23:58 Gillnets
24:33 Hand Cart
25:37 Forging
25:27 Scale Mail Armor
25:36 Scale Barding Armor
26:29 Fortified Wall
26:40 Ballistics
30:06 Imperial Age
31:33 Iron Casting
31:19 Chain Barding Armor
31:25 Siege Engineers
31:33 Masonry
33:10 Caravan
33:40 Coinage
33:54 Crop Rotation
34:00 Husbandry
34:16 Bloodlines
33:31 Light Cavalry
35:26 Conscription
35:35 Double Crossbow
36:57 Blast Furnace
36:33 Plate Barding Armor
36:33 Architecture
37:03 Tusk Swords
36:54 Hussar
39:51 Elite Battle Elephant
44:23 Banking
47:13 Heavy Scorpion
Straypipboy23
0:28 Loom
13:18 Feudal Age
18:43 Castle Age
21:33 Fletching
31:18 Double-Bit Axe
31:29 Horse Collar
33:17 Heavy Plow
38:36 Imperial Age
36:32 Bow Saw
38:24 Wheelbarrow
41:10 Fortified Wall
41:09 Siege Engineers
42:06 Chemistry
41:54 Drill
41:55 Conscription
43:07 Bloodlines
42:58 Husbandry
42:20 Onager
44:03 Nomads
44:24 Masonry
43:49 Elite Mangudai
44:51 Forging
44:39 Bodkin Arrow
44:58 Siege Onager
46:15 Light Cavalry
50:42 Bracer
50:56 Forging
50:53 Scale Barding Armor
55:58 Iron Casting
56:52 Padded Archer Armor
Connection lost

Rejoining the realm…

Still unreachable

The connection could not be restored.

Session expired

The server has moved on; the page needs a fresh start.